 Dungeon Crawl Stone Soup version 0.17-a0-1731-g129c023 (webtiles) character file.

114 TruthSerum the Insei (level 4, -2/34 HPs)
             Began as an Octopode Monk on Aug 29, 2015.
             Slain by Sigmund
             ... wielding a +0 scythe
              (5 damage)
             ... on level 3 of the Dungeon.
             The game lasted 00:06:54 (1841 turns).

TruthSerum the Insei (Octopode Monk)                Turns: 1841, Time: 00:06:54

Health: -2/34      AC:  1    Str: 11    XL:     4   Next: 97%
Magic:  4/4        EV: 13    Int: 12    God:
Gold:   51         SH:  0    Dex: 14    Spells: 0 memorised, 3 levels left

rFire  . . .     SeeInvis .       - Unarmed
rCold  . . .     Clarity  .     (no shield)
rNeg   . . .     SustAt   .     (helmet restricted)
rPois  .         Gourm    .     (no amulet)
rElec  .         Spirit   .     (no ring)
rCorr  .         Warding  .     (no ring)
rMut   .         Stasis   .     (no ring)
MR     .....                    (no ring)
Stlth  +++.......               (no ring)
                                (no ring)
                                (no ring)
                                (no ring)

@: not resistant to hostile enchantments, fairly stealthy
A: almost no armour, amphibious, 8 rings, constrict 8, camouflage 1, gelatinous
body 1
a: no special abilities


You were on level 3 of the Dungeon.
You were not hungry.

You visited 1 branch of the dungeon, and saw 3 of its levels.

You collected 51 gold pieces.

Inventory:

Magical devices
 c - a wand of slowing (28)
Scrolls
 i - 3 scrolls of remove curse
 k - a scroll of fear
 l - a scroll of amnesia
Potions
 d - 2 potions of curing {unknown}
 e - a potion of heal wounds {unknown}
 g - a potion of haste {unknown}
 h - a potion of might {unknown}
Comestibles
 a - 2 bread rations
 b - a chunk of flesh
 f - 2 meat rations


   Skills:
 + Level 4.6 Fighting
 - Level 3.0 Dodging
 - Level 2.6 Stealth
 + Level 5.0 Unarmed Combat


You had 3 spell levels left.
You didn't know any spells.

Dungeon Overview and Level Annotations

Branches:
Dungeon (3/15)

Altars:

Annotations:
D:3 Sigmund


Innate Abilities, Weirdness & Mutations

You cannot wear most types of armour.
You are amphibious.
You can wear up to eight rings at the same time.
You can use your tentacles to constrict eight enemies at once.
Your skin changes colour to match your surroundings (Stealth).
Your rubbery body absorbs attacks (AC +1).


Message History

Sigmund flickers and vanishes!
Deactivating autopickup; reactivate with Ctrl-A.
Something hits you!
You barely miss something. You barely miss something.
Your squeeze misses something. Something hits you!
You miss something. You closely miss something. Something hits you.
You barely miss something.
Your tentacle-slap misses something.
You miss something. Something hits you!
* * * LOW HITPOINT WARNING * * *
You closely miss something. You closely miss something.
Your squeeze misses something. Something hits you.
* * * LOW HITPOINT WARNING * * *
You miss something. You closely miss something. You squeeze something.
You barely miss something. You squeeze something. Something barely misses you.
You tentacle-slap something. You squeeze something!
You tentacle-slap something. x2
Something hits you.
You die...

#. ### #.# #.. #.#
##+## #.# # #.# ##...##
#.# .# ##.####>....##
#.###.# ............<##
#.#..#
.#.##.........###...##
....'.........'.@{...#
.#.##.........###.....#
...##.<......##
#........
#####.#.....##
######.## #####.##...##
# ..<...###+## #######
..# #.#


There were no monsters in sight!

Vanquished Creatures
  Terence (D:2)
  4 adders (D:2)
  2 worms (D:2)
  4 bats (D:1)
  5 goblins
  9 hobgoblins
  2 jackals (D:2)
  A giant cockroach (D:2)
  5 giant geckos
  2 giant newts
  6 kobolds
  3 rats
44 creatures vanquished.

Notes
Turn   | Place    | Note
--------------------------------------------------------------
     0 | D:1      | TruthSerum the Octopode Monk began the quest for the Orb.
     0 | D:1      | Reached XP level 1. HP: 16/16 MP: 1/1
   175 | D:1      | Reached XP level 2. HP: 15/21 MP: 2/2
   565 | D:1      | Reached XP level 3. HP: 23/26 MP: 3/3
  1338 | D:2      | Reached XP level 4. HP: 29/33 MP: 4/4
  1574 | D:2      | Noticed Terence
  1585 | D:2      | Killed Terence
  1794 | D:3      | Reached skill level 5 in Unarmed Combat
  1815 | D:3      | Noticed Sigmund
  1841 | D:3      | Slain by Sigmund

Vault maps used:
D:1:      eino_arrival_cavern_d
D:2:      uniq_terence
D:3:      lemuel_crystal_altar, grunt_temple_overflow_open, lemuel_statue_altar,
          uniq_robin, uniq_sigmund

Action                   |  1- 3 |  4- 6 || total
-------------------------+-------+-------++-------
Melee: Unarmed           |    70 |    47 ||   117
Evoke: Wand              |       |     3 ||     3
  Use: Scroll            |       |     4 ||     4
 Stab: Sleeping          |     8 |     2 ||    10
       Distracted        |       |     1 ||     1
  Eat: Chunk             |     1 |     2 ||     3
